 Dungeon Crawl Stone Soup version 0.26-a0-800-g517d6fe721 (webtiles) character file.

Game seed: 16450874828308618767

118 Kinoniko the Cudgeller (level 4, -16/38 HPs)
             Began as a Draconian Berserker on Nov 11, 2020.
             Was a Believer of Trog.
             Blown up by Ijyb (30 damage)
             ... with a disintegration bolt
             ... on level 3 of the Dungeon.
             The game lasted 00:02:19 (2048 turns).

Kinoniko the Cudgeller (Draconian Berserker)        Turns: 2048, Time: 00:02:20

Health: -16/38     AC:  1    Str: 20    XL:     4   Next: 72%
Magic:  4/4        EV: 12    Int:  7    God:    Trog [**....]
Gold:   55         SH:  0    Dex: 11    Spells: 3/3 levels left

rFire    . . .     SeeInvis .   a - +1 mace
rCold    . . .     Faith    .   (no shield)
rNeg     . . .     Spirit   .   (armour unavailable)
rPois    .         Reflect  .   (helmet restricted)
rElec    .         Harm     .   (no cloak)
rCorr    .         Rampage  .   (no gloves)
MR       .....                  (no boots)
Stlth    +.........             (no amulet)
HPRegen  0.12/turn              k - -4 ring of protection (curse)
MPRegen  0.09/turn              (no ring)

@: berserk cooldown, slowed, very slow
A: unfitting armour, cold-blooded, AC +5
a: Berserk, Trog's Hand, Renounce Religion


You were on level 3 of the Dungeon.
You worshipped Trog.
Trog was pleased with you.
You visited 1 branch of the dungeon, and saw 3 of its levels.

You collected 55 gold pieces.

Inventory:

Hand Weapons
 a - a +1 mace (weapon)
Jewellery
 k - a cursed -4 ring of protection (left hand)
Wands
 h - a wand of iceblast (9)
 i - a wand of digging (6)
Scrolls
 b - 4 scrolls of identify
 c - a scroll of immolation
Potions
 e - 2 potions of lignification {unknown}
 f - a potion of flight
 g - a potion of curing {unknown}
 j - 2 potions of might {unknown}


   Skills:
 - Level 3.3 Fighting
 * Level 5.4 Maces & Flails
 - Level 2.7 Dodging


You had 3 spell levels left.
You didn't know any spells.
Your spell library was empty.

Dungeon Overview and Level Annotations

Branches:
Dungeon (3/15)

Altars:
Elyvilon
Ru
Yredelemnul
The Shining One

Annotations:
D:3 Ijyb


Innate Abilities, Weirdness & Mutations

Your plain brown scales are hard. (AC +5)
You cannot fit into any form of body armour.
You are cold-blooded and may be slowed by cold attacks.


Message History

You barely miss Ijyb. You tail-slap Ijyb, but do no damage.
Ijyb is heavily wounded.
Ijyb completely misses you. Ijyb barely misses you.
You completely miss Ijyb.
Ijyb is heavily wounded.
You feel the effects of Trog's Hand fading.
Ijyb zaps a wand.
You resist with almost no effort.
You hit Ijyb but do no damage.
Your tail-slap misses Ijyb.
Ijyb is heavily wounded.
Ijyb hits you with a +0 club. Ijyb barely misses you.
You closely miss Ijyb.
Your tail-slap misses Ijyb.
Ijyb is moderately wounded.
Ijyb zaps a wand.
You resist with almost no effort.
You hit Ijyb.
Ijyb is heavily wounded.
Your skin stops crawling.
You feel less resistant to hostile enchantments.
Ijyb hits you with a +0 club.
Ijyb zaps a wand.
You are blasted!
Ouch! That really hurt!
You die...

#..... ........ .....
#..##.##.#.# #
.....##..##.##.#.##.#
..... ............ #[.#
#.##.##.#.# #
#..###.##.##...##.##.
####...........)........
..##............@.##.##.
#.##.......##.###g#
#.##..###.###.# ...
#.##..# #.# #.# .##.#
.....†# #.# #.# .# #
#.###.# #.# #.# .# #<#
#.# #.# #)# .# ### #)#
#.. ... .. #.# ###


You could see Ijyb.

Vanquished Creatures
  A worker ant (D:2)
  A gnoll (D:1)
  2 adders
  3 dart slugs (D:1)
  2 leopard geckos
  3 orcs (D:3)
  4 giant cockroaches
  5 goblins
  2 hobgoblins
  5 jackals
  3 quokkas
  2 ball pythons
  12 bats
  5 frilled lizards
  2 kobolds
  3 rats
55 creatures vanquished.

Notes
Turn   | Place    | Note
-------+----------+-------------------------------------------
     0 | D:1      | Kinoniko the Draconian Berserker began the quest for the
                  | Orb.
     0 | D:1      | Reached XP level 1. HP: 19/19 MP: 1/1
   176 | D:1      | Reached XP level 2. HP: 26/26 MP: 2/2
   241 | D:1      | Reached skill level 4 in Maces & Flails
   495 | D:1      | Reached XP level 3. HP: 25/31 MP: 3/3
   958 | D:2      | Found a sacrificial altar of Ru.
   972 | D:2      | Reached ** piety under Trog
  1041 | D:2      | Found a faded altar of an unknown god.
  1147 | D:2      | Reached skill level 5 in Maces & Flails
  1147 | D:2      | Reached XP level 4. HP: 38/38 MP: 4/4
  1442 | D:2      | Found a glowing golden altar of the Shining One.
  1444 | D:2      | Noticed an angel
  1454 | D:2      | Found a white marble altar of Elyvilon.
  1826 | D:2      | Found a basalt altar of Yredelemnul.
  2033 | D:3      | Noticed Ijyb
  2048 | D:3      | Blown up by Ijyb

Illustrated notes

Levels and vault maps discovered:
D:1:      dpeg_arrival_windows_large_door, layout_loops_corners
D:2:      layout_loops_ring, grunt_temple_overflow_holy_war, old_standard_altar,
          elyvilon_altar_5, chequers_ecumenical_altar_island
D:3:      layout_basic, cheibriados_altar_1, nrook_mini_vaults,
          chequers_decorated_corner, uniq_ijyb, uniq_sigmund

Skill      XL: |  1  2  3 |
---------------+----------+-----
Maces & Flails | 4 5 |  5.4
Fighting       | |  3.3
Dodging        | |  2.7

Action                   |  1- 3 |  4- 6 || total
-------------------------+-------+-------++-------
Melee: Mace              |    97 |    75 ||   172
       Tailslap          |    10 |     9 ||    19
Invok: Berserk           |     2 |     2 ||     4
       Trog's Hand       |       |     1 ||     1
  Use: Scroll            |       |     6 ||     6
 Stab: Sleeping          |     2 |       ||     2
Armor: Skin              |    48 |    21 ||    69
Dodge: Dodged            |    60 |    50 ||   110

Table legend: (Time is in decaauts)
 A = Elapsed time spent in this place.
 B = Non-inter-level travel time spent in this place.
 C = Inter-level travel time spent in this place.
 D = Time resting spent in this place.
 E = Time spent auto-exploring this place.
 F = Levels seen in this place.
 G = Mean time per level.
                   A        B        C        D        E       F      G
               +--------+--------+--------+--------+--------+-----+--------+
         Total |   2113 |   2052 |     61 |    165 |   1517 |   3 |  704.3 |
       Dungeon |   2113 |   2052 |     61 |    165 |   1517 |   3 |  704.3 |
               +--------+--------+--------+--------+--------+-----+--------+

Top non-repeatable levels by time:
     D:2: 981 daAuts
     D:1: 946 daAuts
     D:3: 184 daAuts
